[Event "Titled Tuesday Blitz November 07 Late 2023"]
[White "Makhnev, Denis"]
[Black "ArtemDyachuk"]
[WhiteFideId "13707647"]
[WhiteElo "2957"]
[BlackElo "2615"]
[Result "1-0"]
[Round "4"]
[TimeControl "180+1"]
[Date "2023.11.07"]
[WhiteClock "0:01:23"]
[BlackClock "0:00:18"]
[Board "29"]

1. Nf3 Nf6 2. c4 c6 3. d4 d5 4. e3 Bf5 5. Nc3 e6 6. Nh4 Bg4 7. Qb3 Qc7 8. h3 Bh5 9. g4 Bg6 10. cxd5 exd5 11. Nxg6 hxg6 12. Bg2 Bd6 13. Bd2 Nbd7 14. O-O-O a5 15. Kb1 b5 16. g5 a4 17. Qc2 Ng8 18. e4 dxe4 19. Nxb5 Qb8 20. Qxc6 Be7 21. Nc7+ Kd8 22. Nxa8 a3 23. Ba5+ Ke8 24. Nc7+ Kf8 25. b3 e3 26. fxe3 Rh5 27. h4 Ngf6 28. Bf3 Rh7 29. gxf6 Nxf6 30. Nd5 Ne8 31. Nxe7 Kxe7 32. Qc5+ Nd6 33. Bc7 Qc8 34. Bxd6+ Kd8 35. Be7+ Kd7 36. Qd6+ Ke8 37. Bc6+ Qxc6 38. Qxc6+ Kxe7 39. Qc5+ Ke6 40. Qxa3 f5 41. Qa6+ Kd5 42. Qxg6 Rh6 43. Qxf5+ Kd6 44. Qe5+ Kd7 45. Qxg7+ Kd6 46. Qxh6+ Kd5 47. Qf4 Ke6 48. Qe5+ Kd7 49. e4 Kc6 50. h5 Kd7 51. h6 Kc6 52. b4 Kd7 53. a4 Kc6 54. Kc2 Kd7 55. Ra1 Kc6 56. Kd1 Kd7 57. Ke1 Kc6 58. Qf4 Kd7 59. Qd2 Kc6 60. Qd1 Kd7 61. a5 Kc6 62. a6 Kd7 63. a7 Kc6 64. d5+ Kd7 65. b5 Kd6 66. Qd4 Kd7 67. b6 Kd6 68. e5+ Kd7 69. Qc5 Kd8 70. Qc7+ Ke8 71. d6 Kf8 72. e6 Ke8 73. b7 Kf8 74. h7 Ke8 75. Kd2 Kf8 76. Rad1 Ke8 77. Kc1 Kf8 78. h8=Q# 1-0


[Site "https://www.chess.com"]

[Event "Titled Tuesday Blitz November 07 Late 2023"]
[White "Fiorito, Francisco"]
[Black "Khismatullin, Denis"]
[WhiteFideId "180165"]
[BlackFideId "4142578"]
[WhiteElo "2607"]
[BlackElo "2939"]
[Result "1/2-1/2"]
[Round "4"]
[TimeControl "180+1"]
[Date "2023.11.07"]
[WhiteClock "0:00:05"]
[BlackClock "0:00:06"]
[Board "30"]

1. Nf3 c5 2. g3 g6 3. Bg2 Bg7 4. O-O Nc6 5. c4 e6 6. Nc3 Nge7 7. d4 Nxd4 8. Nxd4 cxd4 9. Nb5 Nf5 10. g4 a6 11. gxf5 axb5 12. fxe6 dxe6 13. cxb5 O-O 14. Bd2 e5 15. a4 Re8 16. e3 e4 17. exd4 Qxd4 18. Bc3 Qxd1 19. Rfxd1 f5 20. Bf1 Be6 21. a5 f4 22. Bxg7 Kxg7 23. Rd4 Bf5 24. a6 Re7 25. Re1 Re5 26. Rc4 bxa6 27. bxa6 Kh6 28. Rd4 Ra5 29. b4 R5xa6 30. Bxa6 Rxa6 31. f3 Kg5 32. fxe4 Bh3 33. e5 Ra2 34. Rd3 Be6 35. b5 Rb2 36. Rd6 Kf5 37. b6 g5 38. h3 h5 39. Rf1 Kxe5 40. Rc6 Bd5 41. Re1+ Kd4 42. Rd6 Kc5 43. Rg6 Rg2+ 44. Kf1 f3 45. Rc1+ Bc4+ 46. Rxc4+ Kxc4 47. b7 Rb2 48. Rxg5 Kd4 49. Rxh5 Ke3 50. Re5+ Kf4 51. Re8 Kg3 52. Rg8+ Kxh3 53. Rg7 f2 54. Rh7+ Kg3 55. Rg7+ Kf3 56. Rf7+ Ke3 57. Re7+ Kf3 58. Rf7+ Ke3 59. Re7+ Kf3 60. Rf7+ 1/2-1/2


[Site "https://www.chess.com"]

[Event "Titled Tuesday Blitz November 07 Late 2023"]
[White "Kokoszczynski, Jan"]
[Black "Yeletsky, Ivan"]
[WhiteFideId "1174460"]
[BlackFideId "24180327"]
[WhiteElo "2607"]
[BlackElo "2934"]
[Result "0-1"]
[Round "4"]
[TimeControl "180+1"]
[Date "2023.11.07"]
[WhiteClock "0:00:01"]
[BlackClock "0:00:04"]
[Board "31"]

1. Nf3 b6 2. g3 Bb7 3. Bg2 c5 4. O-O g6 5. c4 Bg7 6. Nc3 Nf6 7. d3 d5 8. cxd5 Nxd5 9. Bd2 O-O 10. Nxd5 Qxd5 11. Bc3 Bxc3 12. bxc3 Nc6 13. Qa4 Qd6 14. Qh4 Kg7 15. Ng5 h6 16. Ne4 Qd7 17. f4 f5 18. Nd2 e5 19. Nc4 Rae8 20. Rae1 exf4 21. Qxf4 b5 22. Nd2 Ne5 23. h3 Bxg2 24. Kxg2 Qd5+ 25. Kh2 Qxa2 26. Ra1 Qf7 27. e4 Nxd3 28. Qe3 Qd7 29. Ra6 b4 30. cxb4 Nxb4 31. Ra5 Kh7 32. Rxc5 Re7 33. Rfc1 Qd3 34. Qxd3 Nxd3 35. Rc7 Rff7 36. Rxe7 Rxe7 37. Rc4 a5 38. Ra4 h5 39. h4 Re5 40. Kh3 Nf2+ 41. Kg2 Nxe4 42. Nf3 Rb5 43. Rc4 Rb2+ 44. Kh3 Nf2+ 45. Kg2 Ng4+ 46. Kg1 Rb1+ 0-1


[Site "https://www.chess.com"]

[Event "Titled Tuesday Blitz November 07 Late 2023"]
[White "Principe, Gerson"]
[Black "Indjic, Aleksandar"]
[WhiteFideId "3804550"]
[BlackFideId "911925"]
[WhiteElo "2606"]
[BlackElo "2919"]
[Result "0-1"]
[Round "4"]
[TimeControl "180+1"]
[Date "2023.11.07"]
[WhiteClock "0:00:51"]
[BlackClock "0:02:22"]
[Board "32"]

1. d4 Nf6 2. e3 e6 3. Nf3 b6 4. Be2 Bb7 5. O-O d5 6. b3 Nbd7 7. Bb2 Be7 8. c4 O-O 9. Nc3 a6 10. Rc1 Bd6 11. Qc2 dxc4 12. bxc4 c5 13. Rfd1 Qe7 14. Nb1 e5 15. dxe5 Nxe5 16. Nxe5 Bxe5 17. Bxe5 Qxe5 18. Nc3 Bc6 19. a4 h5 20. Rb1 Rab8 21. h3 g6 22. Bf1 Kg7 23. a5 bxa5 24. Ra1 a4 25. Nxa4 Ne4 26. Bd3 Bxa4 27. Rxa4 Nc3 0-1


[Site "https://www.chess.com"]

[Event "Titled Tuesday Blitz November 07 Late 2023"]
[White "Sturt, Raven"]
[Black "Chigaev, Maksim"]
[WhiteFideId "2007304"]
[BlackFideId "4108116"]
[WhiteElo "2597"]
[BlackElo "2910"]
[Result "0-1"]
[Round "4"]
[TimeControl "180+1"]
[Date "2023.11.07"]
[WhiteClock "0:00:00"]
[BlackClock "0:00:10"]
[Board "33"]

1. f4 d5 2. Nf3 g6 3. e3 Bg7 4. Be2 Nh6 5. O-O O-O 6. Qe1 c5 7. d3 Nc6 8. Kh1 b5 9. e4 c4 10. exd5 Qxd5 11. Nc3 Qc5 12. Ne4 Qf5 13. Nh4 Qe6 14. Ng5 Qd7 15. dxc4 Nd4 16. Qd1 Nxe2 17. Qxe2 bxc4 18. Qxc4 a5 19. Qe2 Ba6 20. c4 Rab8 21. Rb1 Qc6 22. Bd2 Bxc4 23. Rfc1 Bxe2 24. Rxc6 Bd3 25. Rd1 Rxb2 26. Bxa5 Rxa2 27. Bb4 Ng4 28. Bc5 Rc2 29. Nh3 Bf6 30. Rxd3 Rc1+ 31. Bg1 Rxc6 32. Nf3 Rc1 33. g3 h5 34. Kg2 e6 35. Nhg5 Rd8 36. h3 Rxd3 37. hxg4 hxg4 38. Nh2 Rd2+ 39. Bf2 Bd4 40. Nxg4 Bxf2 41. Ne4 Be3+ 0-1


[Site "https://www.chess.com"]

[Event "Titled Tuesday Blitz November 07 Late 2023"]
[White "Kovalev, Vladislav"]
[Black "balachess2006"]
[WhiteFideId "13504398"]
[WhiteElo "2909"]
[BlackElo "2596"]
[Result "1-0"]
[Round "4"]
[TimeControl "180+1"]
[Date "2023.11.07"]
[WhiteClock "0:00:19"]
[BlackClock "0:00:01"]
[Board "34"]

1. e4 c5 2. Nf3 Nc6 3. d4 cxd4 4. Nxd4 Nf6 5. Nc3 e5 6. Ndb5 d6 7. Bg5 a6 8. Na3 b5 9. Nd5 Be7 10. Bxf6 Bxf6 11. c3 Rb8 12. Nc2 Bg5 13. a4 bxa4 14. Ncb4 Nxb4 15. cxb4 Bd7 16. Bxa6 O-O 17. Rxa4 Bxa4 18. Qxa4 g6 19. O-O f5 20. b5 Kh8 21. Qb4 Qd7 22. b6 fxe4 23. Bb5 Qe6 24. Qxe4 Rfc8 25. b3 Rc5 26. Bc4 Qf5 27. Qe2 Bd8 28. Ra1 Bxb6 29. g4 Qg5 30. Nxb6 Rxb6 31. Ra8+ Kg7 32. Rg8+ Kh6 33. Qf3 Qc1+ 34. Kg2 Qf4 35. h4 Qxf3+ 36. Kxf3 d5 37. Be2 Rc3+ 38. Kg2 g5 39. hxg5# 1-0


[Site "https://www.chess.com"]

[Event "Titled Tuesday Blitz November 07 Late 2023"]
[White "Kamsky, Gata"]
[Black "Pinheiro, Iung Alicio de O."]
[WhiteFideId "2000024"]
[BlackFideId "2104350"]
[WhiteElo "2854"]
[BlackElo "2595"]
[Result "1-0"]
[Round "4"]
[TimeControl "180+1"]
[Date "2023.11.07"]
[WhiteClock "0:00:11"]
[BlackClock "0:00:00"]
[Board "35"]

1. d4 Nf6 2. Bf4 e6 3. e3 c5 4. c3 b6 5. Nf3 Bb7 6. a4 a6 7. Nbd2 Be7 8. h3 O-O 9. Bd3 cxd4 10. exd4 d6 11. O-O Nbd7 12. Re1 Re8 13. Bh2 Qc7 14. c4 Bf8 15. a5 bxa5 16. Qa4 e5 17. Bf5 exd4 18. Rxe8 Rxe8 19. Qxa5 Qxa5 20. Rxa5 Nc5 21. Bg3 g6 22. Bb1 Re2 23. b4 Bxf3 24. Nxf3 Rb2 25. bxc5 Rxb1+ 26. Kh2 dxc5 27. Rxa6 Ne4 28. Ra8 Nxg3 29. Kxg3 Kg7 30. Ra7 Bd6+ 31. Kh4 Rb2 32. Rd7 Bf4 33. Kg4 Bb8 34. Rd8 h5+ 35. Kh4 f6 36. g4 Rxf2 37. Rxb8 Rxf3 38. gxh5 gxh5 39. Rd8 Rf5 40. Kg3 Kg6 41. h4 Re5 42. Kf4 Re3 43. Rd5 Rc3 44. Rxc5 Rxc4 45. Rxc4 1-0


[Site "https://www.chess.com"]

[Event "Titled Tuesday Blitz November 07 Late 2023"]
[White "Sargsyan, Anna M."]
[Black "Mikaelyan, Arman"]
[WhiteFideId "13308130"]
[BlackFideId "13304852"]
[WhiteElo "2594"]
[BlackElo "2853"]
[Result "0-1"]
[Round "4"]
[TimeControl "180+1"]
[Date "2023.11.07"]
[WhiteClock "0:00:00"]
[BlackClock "0:00:14"]
[Board "36"]

1. e4 e5 2. Nf3 Nc6 3. Bc4 Nf6 4. d3 Bc5 5. c3 d6 6. O-O a6 7. a4 O-O 8. h3 Ba7 9. Re1 Ne7 10. d4 Ng6 11. Nbd2 exd4 12. cxd4 d5 13. exd5 Nxd5 14. Ne4 c6 15. Bg5 Qa5 16. Rc1 Be6 17. Bd2 Qd8 18. Bg5 Qd7 19. Nc5 Bxc5 20. dxc5 h6 21. Be3 Rad8 22. Bd4 Ndf4 23. Bxe6 Nxe6 24. Bc3 Qc7 25. Qc2 Rfe8 26. b4 Nef4 27. a5 Qd7 28. Kh2 Qd5 29. Rcd1 Qc4 30. Rxd8 Rxd8 31. Re4 Qf1 32. Ne1 Rd5 33. h4 Rh5 34. Kg3 Rxh4 35. Kf3 Rh3+ 36. Kg4 Rh4+ 37. Kf3 Kh7 38. Re8 Nd5 39. Qd2 Rf4+ 40. Kg3 Qh1 41. Nf3 Qh5 0-1


[Site "https://www.chess.com"]

[Event "Titled Tuesday Blitz November 07 Late 2023"]
[White "Kravtsiv, Martyn"]
[Black "Atanasov, Anthony"]
[WhiteFideId "14113147"]
[BlackFideId "2623897"]
[WhiteElo "2844"]
[BlackElo "2593"]
[Result "1-0"]
[Round "4"]
[TimeControl "180+1"]
[Date "2023.11.07"]
[WhiteClock "0:02:05"]
[BlackClock "0:00:31"]
[Board "37"]

1. e4 e5 2. Nf3 Nc6 3. Nc3 Nf6 4. a4 a6 5. d4 Bb4 6. Nxe5 Qe7 7. Qd3 Nxe5 8. dxe5 Qxe5 9. Bd2 d5 10. f4 Qe7 11. e5 Bxc3 12. Bxc3 Ne4 13. Qxd5 Qh4+ 14. g3 Nxg3 15. O-O-O Nxh1 16. Be1 Qxf4+ 17. Bd2 Qh4 18. Be1 Qf4+ 19. Bd2 Be6 20. Qxb7 Qxa4 21. Qxa8+ Ke7 22. Bg5+ f6 23. exf6+ gxf6 24. Bxf6+ Kxf6 25. Qxh8+ Kf7 26. Qxh7+ Kf6 27. Qh6+ Ke5 28. Qg5+ 1-0


[Site "https://www.chess.com"]

[Event "Titled Tuesday Blitz November 07 Late 2023"]
[White "Vasquez Schroeder, Rodrigo"]
[Black "Jaskolka, Tomasz"]
[WhiteFideId "3400042"]
[BlackFideId "1170791"]
[WhiteElo "2835"]
[BlackElo "2584"]
[Result "1-0"]
[Round "4"]
[TimeControl "180+1"]
[Date "2023.11.07"]
[WhiteClock "0:01:28"]
[BlackClock "0:00:02"]
[Board "38"]

1. e4 d5 2. exd5 Nf6 3. d4 Bg4 4. Be2 Bxe2 5. Qxe2 Qxd5 6. Nf3 Nc6 7. c4 Qe4 8. Be3 Nb4 9. Nc3 Qc2 10. Rd1 Qxe2+ 11. Kxe2 e6 12. a3 Nc6 13. Ne5 Bd6 14. f4 O-O 15. b4 Bxe5 16. dxe5 Ng4 17. Bc5 Rfd8 18. h3 Nh6 19. g4 f6 20. exf6 gxf6 21. Be3 Nf7 22. Nb5 Rac8 23. Rxd8+ Nfxd8 24. Rd1 a6 25. Nc3 Nf7 26. Ne4 Kg7 27. Nc5 e5 28. Nxb7 exf4 29. Bxf4 Nce5 30. Bxe5 Nxe5 31. c5 Re8 32. Kf2 Kg6 33. Rd8 Re7 34. Rg8+ Kf7 35. Ra8 Ke6 36. Rxa6+ Kd5 37. Rxf6 Nd3+ 38. Kg3 Re3+ 39. Rf3 Ke4 40. Rxe3+ Kxe3 41. Nd8 Kd4 42. Ne6+ Kc4 43. Nxc7 Kb3 44. Na6 Ne5 45. b5 Ka4 46. c6 Kxb5 47. c7 Kxa6 48. c8=Q+ Kb5 49. Qf5 1-0


[Site "https://www.chess.com"]

[Event "Titled Tuesday Blitz November 07 Late 2023"]
[White "Tologon tegin, Semetei"]
[Black "Brodsky, David"]
[WhiteFideId "13800574"]
[BlackFideId "2073250"]
[WhiteElo "2579"]
[BlackElo "2805"]
[Result "1/2-1/2"]
[Round "4"]
[TimeControl "180+1"]
[Date "2023.11.07"]
[WhiteClock "0:00:14"]
[BlackClock "0:00:07"]
[Board "40"]

1. Nc3 d5 2. d4 Nf6 3. Bf4 c5 4. e3 cxd4 5. exd4 a6 6. Bd3 Nc6 7. Nge2 Bg4 8. f3 Bh5 9. h4 e6 10. g4 Bg6 11. h5 Bxd3 12. Qxd3 Bd6 13. Qe3 Bxf4 14. Nxf4 h6 15. O-O-O Qd6 16. Kb1 O-O-O 17. Nd3 Kb8 18. Na4 Nd7 19. Nac5 Nxc5 20. Nxc5 Ka7 21. Rd3 b6 22. Nb3 Rhe8 23. f4 f6 24. Rhd1 e5 25. dxe5 fxe5 26. Rxd5 Qxd5 27. Rxd5 Rxd5 28. a3 e4 29. Nd2 Rd4 30. b4 Kb7 31. Kb2 Kc7 32. Kb3 Rd7 33. Nc4 Rd4 34. Ne5 Red8 35. Nxc6 Kxc6 36. c3 R4d7 37. Qxe4+ Kc7 38. a4 Rf8 39. g5 Rdf7 40. Qe5+ Kb7 41. Qd5+ Kc7 42. a5 bxa5 43. Qxa5+ Kb7 44. Qd5+ Kc7 45. Qe5+ Kb7 46. c4 hxg5 47. fxg5 Rc7 48. Qd5+ Kb8 49. h6 gxh6 50. gxh6 Rh8 51. Qd6 Kb7 52. b5 axb5 53. cxb5 Rch7 54. Qa6+ Kb8 55. Qb6+ Ka8 56. Qc6+ Kb8 57. b6 Rc8 58. Qd6+ Kb7 59. Qg6 Rch8 60. Qd6 Rxh6 61. Qc7+ Ka6 62. Qa7+ Kb5 63. b7 Rh3+ 64. Kc2 Rh2+ 65. Kd3 R8h3+ 66. Ke4 Rh4+ 67. Kf3 R2h3+ 68. Kg2 Rh2+ 69. Kg3 R2h3+ 70. Kg2 Rh2+ 71. Kg3 R2h3+ 72. Kg2 1/2-1/2


[Site "https://www.chess.com"]

[Event "Titled Tuesday Blitz November 07 Late 2023"]
[White "Szpar, Milosz"]
[Black "The_Straightforward_Rook"]
[WhiteFideId "1184989"]
[WhiteElo "2804"]
[BlackElo "2576"]
[Result "1-0"]
[Round "4"]
[TimeControl "180+1"]
[Date "2023.11.07"]
[WhiteClock "0:00:08"]
[BlackClock "0:00:13"]
[Board "41"]

1. Nf3 Nf6 2. c4 e6 3. b3 d5 4. Bb2 b6 5. g3 Bb7 6. Bg2 dxc4 7. bxc4 c5 8. O-O Be7 9. e3 O-O 10. Qe2 Nc6 11. Rd1 Rc8 12. d3 Qc7 13. Nbd2 Rfd8 14. e4 Nd7 15. e5 Nf8 16. h4 Nd4 17. Bxd4 cxd4 18. Ne4 Ng6 19. Neg5 h6 20. h5 Bxf3 21. Nxf3 Nf8 22. Qe4 Nh7 23. Qg4 Qc5 24. Re1 b5 25. Nd2 b4 26. f4 a5 27. Be4 a4 28. Bxh7+ Kxh7 29. f5 Bg5 30. Ne4 Qe7 31. Rf1 Be3+ 32. Kg2 Rg8 33. f6 Qf8 34. Nd6 Rc7 35. Qe4+ g6 36. Rab1 Qb8 37. Nb5 Rc5 38. Nd6 Rc7 39. Rh1 Kh8 40. hxg6 fxg6 41. Qxe3 dxe3 42. Rxh6+ Rh7 43. Nf7# 1-0


[Site "https://www.chess.com"]

[Event "Titled Tuesday Blitz November 07 Late 2023"]
[White "Bordi, Kevin"]
[Black "Gimenez Aguirre, Alejo Ismael"]
[WhiteFideId "621862"]
[BlackFideId "32041667"]
[WhiteElo "2792"]
[BlackElo "2575"]
[Result "1-0"]
[Round "4"]
[TimeControl "180+1"]
[Date "2023.11.07"]
[WhiteClock "0:00:55"]
[BlackClock "0:00:00"]
[Board "42"]

1. d4 Nf6 2. Bg5 e6 3. e4 d5 4. exd5 exd5 5. Nf3 Be7 6. Bd3 h6 7. Bh4 O-O 8. O-O Ne4 9. Bxe7 Qxe7 10. Re1 Bf5 11. Ne5 Nd7 12. Nc3 Nxe5 13. Nxd5 Qh4 14. g3 Qd8 15. Bxe4 Bxe4 16. Rxe4 Nc4 17. Ne3 Nxb2 18. Qh5 Na4 19. Rg4 Qf6 20. Nf5 Rfe8 21. Nxg7 Re2 22. Ne8+ 1-0


[Site "https://www.chess.com"]

[Event "Titled Tuesday Blitz November 07 Late 2023"]
[White "Sokolovsky, Yahli"]
[Black "Streltsov, Alexey"]
[WhiteFideId "2820242"]
[BlackFideId "24104434"]
[WhiteElo "2776"]
[BlackElo "2568"]
[Result "1-0"]
[Round "4"]
[TimeControl "180+1"]
[Date "2023.11.07"]
[WhiteClock "0:00:11"]
[BlackClock "0:00:07"]
[Board "43"]

1. b3 d5 2. Bb2 Bf5 3. e3 e6 4. d4 Nf6 5. Bd3 Bxd3 6. cxd3 c6 7. Nf3 Nbd7 8. O-O Be7 9. Nbd2 O-O 10. Ne5 Ne8 11. Qg4 Nd6 12. Ndf3 Re8 13. Ba3 Nf5 14. Bxe7 Qxe7 15. Rfc1 Rac8 16. a3 Nxe5 17. dxe5 c5 18. b4 b6 19. h3 h6 20. bxc5 bxc5 21. Qa4 Red8 22. Rc2 Rc7 23. Rac1 Rdc8 24. Rc3 g6 25. Qc2 h5 26. Qb1 Kg7 27. R1c2 c4 28. Qc1 Qc5 29. Nd2 Nxe3 30. fxe3 Qxe3+ 31. Kh1 Qxe5 32. dxc4 dxc4 33. Rxc4 Rxc4 34. Rxc4 Rd8 35. Nf3 Qe2 36. Rd4 Rb8 37. Rd2 Qe3 38. Rd1 Qe2 39. Re1 Qf2 40. Qe3 Qb2 41. Qe5+ Qxe5 42. Rxe5 Rb1+ 43. Kh2 Rb7 44. Ra5 f6 45. Kg3 Kf7 46. Kf4 e5+ 47. Ke4 Ke6 48. Kd3 Rd7+ 49. Ke3 Kf5 50. Nd2 Rc7 51. Ne4 Rd7 52. Ra6 Rf7 53. Nd6+ Ke6 54. Nxf7+ Kxf7 55. Rxa7+ Ke6 56. a4 Kf5 57. a5 g5 58. a6 g4 59. hxg4+ Kxg4 60. Rg7+ Kf5 61. a7 1-0


[Site "https://www.chess.com"]

[Event "Titled Tuesday Blitz November 07 Late 2023"]
[White "Mekhitarian, Krikor Sevag"]
[Black "Gontcharov, Vladislav"]
[WhiteFideId "2107660"]
[BlackFideId "4123492"]
[WhiteElo "2771"]
[BlackElo "2567"]
[Result "0-1"]
[Round "4"]
[TimeControl "180+1"]
[Date "2023.11.07"]
[WhiteClock "0:00:03"]
[BlackClock "0:00:06"]
[Board "44"]

1. Nf3 Nf6 2. c4 e6 3. Nc3 d5 4. cxd5 exd5 5. d4 c6 6. Bf4 Bd6 7. Bxd6 Qxd6 8. e3 O-O 9. Qb3 Qe7 10. Bd3 h6 11. h3 Re8 12. O-O Nbd7 13. Qc2 Nf8 14. Ne5 N6d7 15. Nf3 g5 16. Rae1 Ne6 17. Nh2 Kg7 18. Ne2 Nf6 19. Ng3 Nf8 20. f4 gxf4 21. Rxf4 Ng6 22. Rxf6 Kxf6 23. Rf1+ Kg7 24. Nh5+ Kh7 25. Nf6+ Kg7 26. Nxe8+ Qxe8 27. Qf2 Qe7 28. Qg3 Bd7 29. Rf3 Re8 30. Ng4 Bxg4 31. Qxg4 Qg5 32. Qf5 Qxf5 33. Bxf5 Nh4 34. Rg3+ Kf6 35. Bd3 h5 36. Kf2 a5 37. a3 a4 38. Bc2 b5 39. Bd3 Rd8 40. Bc2 Re8 41. Bd3 Rb8 42. e4 b4 43. e5+ Ke7 44. Rg5 bxa3 45. bxa3 Rb3 46. Be2 Rb2 47. g3 Ng6 48. Rxh5 Ra2 49. h4 Rxa3 50. Rh7 Nf8 51. Rh6 Ne6 52. Bh5 Nxd4 53. Rh7 Ke6 54. Rxf7 Kxe5 55. Ra7 Ra2+ 56. Kg1 a3 57. g4 Kf4 58. g5 Kg3 59. Kf1 Ra1+ 0-1


[Site "https://www.chess.com"]

[Event "Titled Tuesday Blitz November 07 Late 2023"]
[White "Koziorowicz, Michal"]
[Black "BardArtem"]
[WhiteFideId "21809194"]
[WhiteElo "2565"]
[BlackElo "2760"]
[Result "0-1"]
[Round "4"]
[TimeControl "180+1"]
[Date "2023.11.07"]
[WhiteClock "0:01:16"]
[BlackClock "0:01:05"]
[Board "45"]

1. e4 e5 2. Nf3 Nc6 3. Nc3 Nf6 4. a4 a6 5. Bc4 Nxe4 6. Nd5 Nf6 7. O-O Nxd5 8. Bxd5 Be7 9. Bxc6 dxc6 10. Nxe5 O-O 11. d4 Bf6 12. Bf4 Be6 13. Re1 Re8 14. c3 Qd5 15. Qf3 Qxf3 16. Nxf3 Rac8 17. Re3 h6 18. Rae1 Re7 19. Be5 Bxe5 20. Rxe5 Rce8 21. Nd2 Kf8 22. a5 Bd5 23. f4 f6 24. Rxe7 Rxe7 25. Rxe7 Kxe7 26. Kf2 Kd6 27. g3 c5 28. Ke3 cxd4+ 29. Kxd4 c5+ 30. Kd3 Kc6 31. c4 Be6 32. Ke4 Kd6 33. b3 g5 34. f5 Bd7 35. Ke3 Bxf5 36. h4 Bc2 37. Kf3 Ke5 38. Kg4 Bd1+ 39. Kh3 Kd4 40. Kg2 Kd3 41. Nf1 Be2 42. Nh2 Bd1 43. Nf1 Bxb3 44. hxg5 hxg5 45. Kf3 Bxc4 46. Ne3 Be6 0-1


[Site "https://www.chess.com"]

[Event "Titled Tuesday Blitz November 07 Late 2023"]
[White "Toncheva, Nadya"]
[Black "Krzyzanowski, Marcin"]
[WhiteFideId "2924056"]
[BlackFideId "1132199"]
[WhiteElo "2565"]
[BlackElo "2757"]
[Result "0-1"]
[Round "4"]
[TimeControl "180+1"]
[Date "2023.11.07"]
[WhiteClock "0:00:03"]
[BlackClock "0:00:02"]
[Board "46"]

1. d4 Nf6 2. c4 e6 3. Nc3 Bb4 4. e3 O-O 5. Ne2 c6 6. a3 Ba5 7. Ng3 d5 8. Bd3 Nbd7 9. O-O dxc4 10. Bxc4 e5 11. b4 exd4 12. exd4 Bc7 13. Re1 Nb6 14. Bd3 Bg4 15. Qc2 h6 16. Be3 Nbd5 17. Nce4 Re8 18. Nc5 b6 19. Nce4 Nxe4 20. Bxe4 Rc8 21. Rac1 Nxe3 22. fxe3 Bxg3 23. hxg3 Qd6 24. Kh2 Bd7 25. Bd3 Re7 26. Qf2 Rce8 27. e4 f6 28. Rcd1 Kh8 29. Bc2 Bg4 30. Rd2 Qe6 31. Qf4 Rd8 32. Rc1 Red7 33. Ba4 Rxd4 34. Rxc6 Qe5 35. Qxe5 fxe5 36. Rxd4 exd4 37. Rc2 d3 38. Rd2 Be2 39. Bb5 Rd4 40. Kg1 g5 41. Kf2 Rxe4 42. Bxd3 Bxd3 43. Rxd3 Re7 44. Re3 Rc7 45. Rd3 Kg7 46. Kf3 Kg6 47. Ke4 Rc4+ 48. Kf3 Kf5 49. Rd7 Rc3+ 50. Ke2 Rxa3 51. Kf2 a5 52. bxa5 bxa5 53. Ra7 Kg4 54. Ra6 h5 55. Rg6 Ra2+ 56. Kf1 Rb2 57. Ra6 Rb5 58. Ra8 Rf5+ 59. Kg1 Kxg3 60. Rb8 Kg4 61. Rb3 a4 62. Rb4+ Rf4 63. Rb5 h4 64. Ra5 Rb4 65. Kh2 Kf4 66. Ra8 Kg4 67. Ra6 Rc4 68. Ra5 Kf4 69. Ra8 g4 70. Rf8+ Ke3 71. Ra8 Rb4 72. Ra6 Kd3 73. Rh6 g3+ 74. Kh3 Kc3 75. Rc6+ Kb2 76. Rc2+ Kb3 77. Rb2+ Kc3 78. Rc2+ Kd4 79. Rd2+ Ke4 80. Re2+ Kf4 81. Re8 Rb1 82. Ra8 Rh1# 0-1


[Site "https://www.chess.com"]

[Event "Titled Tuesday Blitz November 07 Late 2023"]
[White "Korchmar, Vasiliy"]
[Black "Lymar, Vladislav"]
[WhiteFideId "24131750"]
[BlackFideId "14162180"]
[WhiteElo "2749"]
[BlackElo "2549"]
[Result "1-0"]
[Round "4"]
[TimeControl "180+1"]
[Date "2023.11.07"]
[WhiteClock "0:00:06"]
[BlackClock "0:00:01"]
[Board "47"]

1. e4 d6 2. d4 Nf6 3. Nc3 e5 4. Nge2 Be7 5. g3 O-O 6. Bg2 c6 7. O-O Nbd7 8. h3 h5 9. Be3 Qc7 10. f4 b5 11. a3 a5 12. Bf3 Bb7 13. g4 hxg4 14. hxg4 b4 15. Na4 c5 16. fxe5 Nxe4 17. d5 Ng5 18. Bxg5 Bxg5 19. exd6 Qxd6 20. Qe1 Ne5 21. Qg3 Nxf3+ 22. Qxf3 Bxd5 23. Qg3 Qh6 24. Rf3 Bxf3 25. Qxf3 Rae8 26. Kg2 Qe6 27. Ng3 Qd6 28. Rd1 Qe5 29. Rd5 Qf6 30. Rf5 Qg6 31. Nxc5 Be3 32. Nd7 Ba7 33. Ne4 bxa3 34. Rg5 Qh6 35. Nef6+ Kh8 36. Rh5 Qxh5 37. Nxh5 Rg8 38. Qh3 Re2+ 39. Kf1 Rf2+ 40. Ke1 g5 41. Nhf6+ Kg7 42. Qh7# 1-0


[Site "https://www.chess.com"]

[Event "Titled Tuesday Blitz November 07 Late 2023"]
[White "Rosen, Eric"]
[Black "Tikhonov, Viacheslav"]
[WhiteFideId "2032562"]
[BlackFideId "44196407"]
[WhiteElo "2742"]
[BlackElo "2531"]
[Result "1-0"]
[Round "4"]
[TimeControl "180+1"]
[Date "2023.11.07"]
[WhiteClock "0:00:18"]
[BlackClock "0:00:19"]
[Board "48"]

1. e4 c5 2. Nc3 Nc6 3. Bb5 Nd4 4. Nf3 e6 5. O-O a6 6. Bd3 Nc6 7. Be2 g5 8. d3 g4 9. Nd2 h5 10. Nb3 Qf6 11. Be3 Nd4 12. f4 d6 13. e5 dxe5 14. Ne4 Qd8 15. fxe5 Nf5 16. Bxc5 Bxc5+ 17. Nbxc5 Qd4+ 18. Kh1 Qxe5 19. d4 Qc7 20. d5 b6 21. Rxf5 exf5 22. Qd4 fxe4 23. Qxh8 Kf8 24. Ne6+ Bxe6 25. dxe6 fxe6 26. Rf1+ Ke7 27. Rf7+ Kxf7 28. Qh7+ Kf6 29. Qxc7 Ne7 30. Qxb6 Rc8 31. c3 Rc6 32. Qd4+ Kf5 33. Qf2+ Ke5 34. Qg3+ Kf5 35. h3 gxh3 36. Qxh3+ Ke5 37. Qh2+ Kd5 38. Qxh5+ Kd6 39. Qa5 Nd5 40. Qa3+ Ke5 41. Qf8 Nf4 42. Qg7+ Kd5 43. Qd4# 1-0


[Site "https://www.chess.com"]

[Event "Titled Tuesday Blitz November 07 Late 2023"]
[White "a-z30"]
[Black "Tristan, Leonardo"]
[BlackFideId "113816"]
[WhiteElo "2529"]
[BlackElo "2741"]
[Result "1-0"]
[Round "4"]
[TimeControl "180+1"]
[Date "2023.11.07"]
[WhiteClock "0:00:48"]
[BlackClock "0:00:40"]
[Board "49"]

1. d3 d5 2. Nf3 Nf6 3. g3 Bf5 4. Bg2 e6 5. O-O Be7 6. c4 O-O 7. cxd5 exd5 8. Nc3 c6 9. Qc2 h6 10. e4 Bh7 11. Nh4 Na6 12. Nf5 Bxf5 13. exf5 Nc5 14. d4 Ncd7 15. Bf4 Nb6 16. b3 Bd6 17. Be5 Ng4 18. Rfe1 Rc8 19. h3 Nf6 20. Qd2 Ne8 21. g4 f6 22. Bxd6 Nxd6 23. Re6 Nf7 24. h4 Rc7 25. Rae1 Nc8 26. Ne2 Ncd6 27. Nf4 Rd7 28. Qe3 Qb6 29. Re7 Rxe7 30. Qxe7 Re8 31. Qxe8+ Nxe8 32. Rxe8+ Kh7 33. Ng6 Qxd4 34. Nf8+ Kg8 35. Ne6+ Kh7 36. Nxd4 1-0


[Site "https://www.chess.com"]

[Event "Titled Tuesday Blitz November 07 Late 2023"]
[White "Shubenkova, Veronika"]
[Black "Csonka, Balazs"]
[WhiteFideId "44124040"]
[BlackFideId "742910"]
[WhiteElo "2528"]
[BlackElo "2738"]
[Result "1-0"]
[Round "4"]
[TimeControl "180+1"]
[Date "2023.11.07"]
[WhiteClock "0:00:18"]
[BlackClock "0:00:00"]
[Board "50"]

1. d4 Nf6 2. e3 c5 3. f4 g6 4. Nf3 Bg7 5. c3 O-O 6. Bd3 d6 7. O-O Nc6 8. Bc2 b6 9. d5 Na5 10. e4 e6 11. dxe6 Bxe6 12. f5 Bc4 13. Re1 Re8 14. Bg5 Qc7 15. Nbd2 Ba6 16. Bf4 Rad8 17. Nf1 Nc4 18. b3 Ne5 19. Ng3 Bb7 20. Qd2 Nfd7 21. Rad1 Nxf3+ 22. gxf3 Ne5 23. Qg2 Kh8 24. h4 Rg8 25. Bg5 f6 26. Bf4 Qf7 27. Kf2 d5 28. Qh3 d4 29. cxd4 Rxd4 30. Rxd4 cxd4 31. Bxe5 fxe5 32. h5 g5 33. h6 Bf8 34. Bd3 Qf6 35. Bc4 Bc5 36. Bxg8 Kxg8 37. Kg2 d3 38. Qh5 Kf8 39. Rd1 Ba6 40. Qh1 Be3 41. Qe1 Bf4 42. Qb4+ Ke8 43. Qa4+ b5 44. Qb4 Qxh6 45. Rxd3 Qh4 46. Nf1 g4 47. fxg4 Qxg4+ 48. Kf2 Qh4+ 49. Ke2 Qg4+ 50. Ke1 Qh4+ 51. Kd1 Qg4+ 52. Kc2 Qg2+ 53. Nd2 Bxd2 54. Rxd2 Qh1 55. a4 bxa4 56. Qxa4+ Kf8 57. Qxa6 Qxe4+ 58. Kb2 Qe3 59. Qf6+ 1-0


[Site "https://www.chess.com"]